 Dungeon Crawl Stone Soup version 0.28.0 (webtiles) character file.

Game seed: 11387927255304945524

448 Colgate the Firebug (level 7, -6/41 HPs)
             Began as an Octopode Fire Elementalist on Feb 4, 2022.
             Was a Follower of Qazlal.
             Mangled by a killer bee (9 damage)
             ... on level 7 of the Dungeon.
             The game lasted 00:40:53 (6299 turns).

Colgate the Firebug (Octopode Fire Elementalist)    Turns: 6299, Time: 00:40:53

Health: -6/41      AC:  1    Str:  7    XL:     7   Next: 3%
Magic:  6/10       EV: 13    Int: 20    God:    Qazlal [*.....]
Gold:   136        SH:  1    Dex: 12    Spells: 2/11 levels left

rFire   . . .      SeeInvis .   s - +1 spear (venom)
rCold   . . .      Faith    .   (no shield)
rNeg    . . .      Spirit   .   m - +0 hat
rPois   .          Reflect  .   (no amulet)
rElec   .          Harm     .   (no ring)
rCorr   .          Rampage  .   (no ring)
Will    .....      Clarity  +   (no ring)
Stlth   +++.......              (no ring)
HPRegen 0.13/turn               (no ring)
MPRegen 0.12/turn               (no ring)
                                (no ring)
                                (no ring)

@: lethally poisoned (-6 -> -21)
A: almost no armour, amphibious, 8 rings, camouflage 1, gelatinous body 1,
(nimble swimmer 1), tentacles, clarity, low MP 1
a: Renounce Religion


You were on level 7 of the Dungeon.
You worshipped Qazlal.
Qazlal was aware of your devotion.
You visited 1 branch of the dungeon, and saw 5 of its levels.

You collected 136 gold pieces.

Inventory:

Hand Weapons
 a - a +0 hunting sling
 c - a +1 dagger of speed
 h - a +0 flail
 j - a +2 long sword of pain
 l - a +0 short sword of venom
 r - a +3 dagger
 s - a +1 spear of venom (weapon)
 u - a +0 trident
Missiles
 b - 12 poisoned darts
 e - 163 stones
 o - 45 sling bullets
Armour
 m - a +0 hat (worn)
Magical Staves
 q - a staff of earth
Wands
 f - a wand of paralysis (1)
 k - a wand of flame (35)
Scrolls
 d - 5 scrolls of identify
 g - 2 scrolls of brand weapon
 i - a scroll of fog {unknown}
 n - 2 scrolls of teleportation {unknown}
Potions
 p - a potion of curing
 t - a potion of degeneration {unknown}


   Skills:
 - Level 2.0 Dodging
 - Level 3.0 Stealth
 + Level 2.8 Spellcasting
 - Level 5.0 Conjurations
 - Level 5.0 Fire Magic
 - Level 1.1 Earth Magic


You had 2 spell levels left.
You knew the following spells:

 Your Spells              Type           Power      Damage    Failure   Level
a - Foxfire               Conj/Fire      88%        2x1d8     1%          1
b - Scorch                Fire           44%        2d7       2%          2
c - Conjure Flame         Conj/Fire      22%        6-21      5%          3
d - Stone Arrow           Conj/Erth      30%        3d8       12%         3

Your spell library contained the following spells:

 Spells                   Type           Power      Damage    Failure   Level
 Magic Dart               Conj           88%        1d7       1%          1
 Sandblast                Erth           14%        2d6       9%          1
 Passwall                 Tmut/Erth      4%         N/A       17%         2
 Call Imp                 Summ           2%         N/A       22%         2
 Inner Flame              Hex/Fire       12%        N/A       16%         3
 Flame Wave               Conj/Fire      22%        2d7       19%         4
 Mephitic Cloud           Conj/Pois/Air  9%         N/A       22%         3
 Fulminant Prism          Conj/Hex       6%         3d7       45%         4
 Iskenderun's Mystic Bla  Conj/Tloc      12%        2d5       45%         4
 Lee's Rapid Deconstruct  Erth           3%         3d6*      94%         5


Dungeon Overview and Level Annotations

Branches:
Dungeon (4/15)             Temple (0/1) D:4

Altars:
Qazlal

Annotations:
D:3 Sigmund


Innate Abilities, Weirdness & Mutations

You cannot wear most types of armour.
You are amphibious.
You can wear up to eight rings at the same time.
Your skin changes colour to match your surroundings (Stealth+).
Your rubbery body absorbs attacks. (AC +1, EV +1)
((You are camouflaged when in or above water. (Stealth+)))
You have tentacles for arms and can constrict up to eight enemies at once.
You possess an exceptional clarity of mind.
Your magical capacity is low. (-10% MP)


Message History

Unknown command.
Casting: Stone Arrow (dangerous; 12% risk of failure)
Confirm with . or Enter, or press ? or * to list all spells.
You conjure some foxfire!
The killer bee misses you.
The foxfire hits the killer bee but does no damage.
A killer bee comes into view.
The foxfire hits the killer bee.
The killer bee is moderately wounded.
The killer bee stings you! The killer bee misses you.
Casting: Foxfire (safe; 1% risk of failure)
Confirm with . or Enter, or press ? or * to list all spells.
Aiming: Stone Arrow (dangerous; 12% risk of failure)
Press: ? - help, Shift-Dir - straight line, f - killer bee
Aim: a killer bee (moderately wounded, 39% to hit)
The stone arrow misses the killer bee.
The killer bee closely misses you.
The killer bee stings you but does no damage.
The killer bee closely misses you. The killer bee completely misses you.
The killer bee closely misses you. The killer bee misses you.
Your +1 spear of venom begins to drip with poison!
s - a +1 spear of venom (weapon)
The killer bee stings you but does no damage.
The killer bee stings you.
You are poisoned.
The killer bee poisons you! The killer bee stings you.
The killer bee misses you.
You hit the killer bee.
The killer bee is poisoned.
Your grab misses the killer bee.
The killer bee is heavily wounded.
You feel very sick. The killer bee barely misses you.
The killer bee stings you.
* * * LOW HITPOINT WARNING * * *
The killer bee stings you.
* * * LOW HITPOINT WARNING * * *
The killer bee stings you.
* * * LOW HITPOINT WARNING * * *
You are lethally poisoned!
The killer bee poisons you! The killer bee stings you.
* * * LOW HITPOINT WARNING * * *
The killer bee stings you!
You die...

### ###
..<#..
#####.#.###
......yyy.#
#@# #y# #.#
#.# #.# #.#
#.# #.#


You could see 4 killer bees.

Vanquished Creatures
  A phantom (D:4)
  An orc priest (D:4)
  A hound (D:4)
  2 iguanas
  Terence (D:2)
  An orc wizard (D:4)
  Robin (D:2)
  3 adders
  7 gnolls (D:3)
  An ufetubus (D:4)
  2 worms (D:1)
  4 dart slugs
  2 orcs
  6 endoplasms
  3 giant cockroaches
  18 goblins
  4 hobgoblins
  4 quokkas
  11 ball pythons
  7 bats
  4 frilled lizards
  6 kobolds
  7 rats
97 creatures vanquished.

Vanquished Creatures (collateral kills)
  A foxfire (D:4)
1 creature vanquished.

Vanquished Creatures (others)
  237 foxfires
  2 plants (D:4)
239 creatures vanquished.

Grand Total: 337 creatures vanquished

Notes
Turn   | Place    | Note
-------+----------+-------------------------------------------
     0 | D:1      | Colgate the Octopode Fire Elementalist began the quest for
                  | the Orb.
     0 | D:1      | Reached XP level 1. HP: 11/11 MP: 3/3
   302 | D:1      | Reached XP level 2. HP: 17/17 MP: 0/5
   305 | D:1      | Learned a level 2 spell: Scorch
   943 | D:1      | Reached XP level 3. HP: 10/21 MP: 0/6
  1480 | D:2      | Noticed Robin
  1536 | D:2      | Learned a level 3 spell: Conjure Flame
  2465 | D:2      | HP: 1/21 [goblin/stone[Robin] (3)]
  2826 | D:2      | Killed Robin
  2827 | D:2      | Reached XP level 4. HP: 27/27 MP: 1/7
  3105 | D:2      | Found a stormy altar of Qazlal.
  3138 | D:2      | Became a worshipper of Qazlal Stormbringer
  3457 | D:3      | Noticed Terence
  3843 | D:2      | Killed Terence
  3844 | D:2      | Reached XP level 5. HP: 31/31 MP: 0/8
  3979 | D:3      | Gained mutation: Your magical capacity is low. (-10% MP)
                  | [potion of mutation]
  3979 | D:3      | Gained mutation: You possess an exceptional clarity of
                  | mind. [potion of mutation]
  4379 | D:3      | Noticed Sigmund
  4458 | D:3      | Found a faded altar of an unknown god.
  5087 | D:3      | Reached skill level 5 in Fire Magic
  5087 | D:3      | Reached XP level 6. HP: 36/36 MP: 3/8
  5803 | D:4      | Learned a level 3 spell: Stone Arrow
  6049 | D:4      | Found a staircase to the Ecumenical Temple.
  6058 | D:4      | Reached skill level 5 in Conjurations
  6059 | D:4      | Reached * piety under Qazlal
  6060 | D:4      | Reached skill level 1 in Earth Magic
  6220 | D:4      | Reached XP level 7. HP: 41/41 MP: 1/10
  6295 | D:4      | You fall into a shaft and drop 3 floors!
  6299 | D:7      | Mangled by a killer bee

Illustrated notes

Levels and vault maps discovered:
D:1:      dpeg_arrival_orchard, layout_basic, nicolae_wormholes
D:2:      layout_basic, basic_altar, kennysheep_small_spiral,
          minmay_misc_feat_five, chequers_arboretum, uniq_robin
D:3:      layout_loops_ring, nicolae_ecumenical_snake_handling, uniq_terence,
          uniq_sigmund
D:4:      layout_basic, minmay_temple_entry_overgrown, serial_glass,
          glass_columns_a, glass_columns_b, due_unseen_surprise,
          feat_on_display, minmay_strange_pillars, minmay_strange_pillars,
          feat_on_display
D:7:      layout_basic

Skill      XL: |  1  2  3  4  5  6 |
---------------+-------------------+-----
Conjurations   | 2 3 4 5 |  5.0
Fire Magic     | 4 5 |  5.0
Stealth        | 3 |  3.0
Earth Magic    | 1 |  1.1
Dodging        | |  2.0
Spellcasting   | |  2.8

Action                   |  1- 3 |  4- 6 |  7- 9 || total
-------------------------+-------+-------+-------++-------
Melee: Dagger            |    16 |    12 |       ||    28
       Constrict         |     3 |     1 |       ||     4
       Tentacles         |     1 |     1 |       ||     2
       Long sword        |       |     4 |       ||     4
       Spear             |       |       |     1 ||     1
 Fire: Hunting sling     |     4 |     7 |       ||    11
 Cast: Foxfire           |    65 |    73 |     1 ||   139
       Scorch            |    12 |    21 |       ||    33
       Conjure Flame     |     7 |     5 |       ||    12
       Stone Arrow       |       |     5 |     1 ||     6
  Use: Scroll            |     1 |     1 |       ||     2
       Potion            |       |     1 |       ||     1
 Stab: Sleeping          |     7 |     6 |       ||    13
       Distracted        |     1 |       |       ||     1
Armor: Skin              |     1 |     1 |     2 ||     4
Dodge: Dodged            |    17 |    23 |     9 ||    49
